 Dungeon Crawl Stone Soup version 0.31.0-11-ge490571c62 (webtiles) character file.

Game seed: 6833947464939722665

177 Gadfly the Insei (level 5, 0/41 HPs)
             Began as a Demonspawn Monk on Feb 5, 2024.
             Slain by an iguana (13 damage)
             ... on level 4 of the Dungeon.
             The game lasted 00:05:55 (4008 turns).

Gadfly the Insei (Demonspawn Monk)                  Turns: 4008, Time: 00:05:56

Health: 0/41       AC:  3    Str: 13    XL:     5   Next: 31%
Magic:  5/5        EV: 13    Int: 10    God:
Gold:   165        SH:  0    Dex: 16    Spells: 1/4 levels left

rFire   . .          .
                       - Unarmed
rCold   + . .        c - orb {light}
rNeg    . . .        a - +0 robe
rPois   .            (helmet restricted)
rElec   .            g - +0 cloak
rCorr   .            (no gloves)
SInv    .            (no boots)
Will    .....        (no amulet)
Stlth   +            i - ring of protection from cold
HPRegen 0.26/turn    (no ring)
MPRegen 0.09/turn

%: no passive effects
@: glowing
A: antennae 1
a: no special abilities


You were on level 4 of the Dungeon.
You visited 1 branch of the dungeon, and saw 4 of its levels.

You collected 290 gold pieces.
You spent 125 gold pieces at shops.

Inventory:

Hand Weapons
 h - a +0 long sword
Armour
 a - a +0 robe (worn)
 c - an orb of light (worn)
 g - a +0 cloak (worn)
Jewellery
 i - a ring of protection from cold (left hand)
 l - a ring of fire
Wands
 d - a wand of mindburst (17) (quivered)
Scrolls
 k - a scroll of revelation
 m - 2 scrolls of identify
 o - a scroll of teleportation
 p - a scroll of brand weapon
Potions
 b - a potion of might
 e - a potion of curing
 f - a potion of ambrosia
 j - 2 potions of haste
 n - a potion of enlightenment


   Skills:
 - Level 3.0 Fighting
 + Level 3.3 Dodging
 * Level 3.6 Unarmed Combat
 * Level 2.4 Evocations
 * Level 2.0 Shapeshifting


You had one spell level left.
You knew the following spells:

 Your Spells              Type           Power      Damage    Failure   Level
a - Passwall              Erth           0%         N/A       75%         3

Your spell library contained the following spells:

 Spells                   Type           Power      Damage    Failure   Level
 Sandblast                Erth           0%         2d4       36%         1
 Ensorcelled Hibernation  Hex/Ice        0%         N/A       50%         2
 Call Canine Familiar     Summ           0%         N/A       75%         3
 Fugue of the Fallen      Necr           0%         N/A       75%         3
 Sigil of Binding         Hex            0%         N/A       75%         3
 Stone Arrow              Conj/Erth      0%         3d7       75%         3
 Anguish                  Hex/Necr       0%         N/A       98%         4
 Brom's Barrelling Bould  Conj/Erth      0%         2d3       98%         4
 Dimensional Bullseye     Hex/Tloc       0%         N/A       98%         4


Dungeon Overview and Level Annotations

Branches:
Dungeon (4/15)
 Temple: D:4-7

Altars:
Cheibriados
Fedhas
Qazlal
Yredelemnul

Shops:
D:3 ?


Innate Abilities, Weirdness & Mutations

You have a pair of small antennae on your head.


Message History

The iguana barely misses you.
You barely miss the iguana.
The iguana is lightly wounded.
The iguana completely misses you.
You hit the iguana but do no damage. The iguana misses you.
You hit the iguana.
The iguana is lightly wounded.
The iguana bites you.
You hit the iguana.
The iguana is moderately wounded.
The iguana bites you!
You hit the iguana but do no damage.
The iguana is moderately wounded.
The iguana closely misses you.
You hit the iguana but do no damage.
The iguana is moderately wounded.
The iguana bites you!
* * * LOW HITPOINT WARNING * * *
You are too injured to fight recklessly!
You are too injured to fight recklessly!
You are too injured to fight recklessly!
You are too injured to fight recklessly!
You are too injured to fight recklessly!
You are too injured to fight recklessly!
You are too injured to fight recklessly!
You are too injured to fight recklessly!
You are too injured to fight recklessly!
You are too injured to fight recklessly!
You are too injured to fight recklessly!
You are too injured to fight recklessly!
You are too injured to fight recklessly!
You are too injured to fight recklessly!
You are too injured to fight recklessly!
You are too injured to fight recklessly!
You hit the iguana but do no damage.
The iguana is moderately wounded.
You hit the iguana but do no damage.
The iguana is moderately wounded.
The iguana bites you!
You die...

#...g..##.###.###.
#.[..# #.#.....+.
#og# #.#.....#.
#..# #.#.......
##l## #.##.##.#.
#..# #......)##
##.####........
#####..............
#.@lgo.............
#.###.......###...#
#.###'##+##+###...#
#.#.....#.....#...#
#.#.....#.....#..##
#.'##'##'##'##'.##
#.#..#.....#..#.#
#.#..#'###+#..#.#
#.#..#.....#..#.#


You could see an iguana, an orc and a goblin.

Vanquished Creatures
  A hound (D:4)
  Ijyb (D:3)
  2 adders (D:2)
  3 dart slugs
  2 ribbon worms
  4 orcs
  9 ball pythons
  6 bats
  9 endoplasms
  4 giant cockroaches
  6 goblins
  9 hobgoblins
  6 jackals
  3 quokkas
  A frilled lizard (D:2)
  13 kobolds
  4 rats
83 creatures vanquished.

Notes
Turn   | Place    | Note
-------+----------+-------------------------------------------
     0 | D:1      | Gadfly the Demonspawn Monk began the quest for the Orb.
     0 | D:1      | Reached XP level 1. HP: 18/18 MP: 1/1
   228 | D:1      | Gained mutation: You have a pair of small antennae on your
                  | head. [demonic ancestry]
   228 | D:1      | Reached XP level 2. HP: 21/24 MP: 2/2
   715 | D:1      | Reached skill level 1 in Evocations
   831 | D:1      | Reached skill level 1 in Shapeshifting
   852 | D:1      | Reached XP level 3. HP: 12/29 MP: 3/3
  2071 | D:2      | Reached XP level 4. HP: 27/35 MP: 4/4
  2181 | D:2      | Found a faded altar of an unknown god.
  2286 | D:2      | Learned a level 3 spell: Passwall
  2613 | D:3      | Noticed Ijyb
  2678 | D:3      | Killed Ijyb
  2778 | D:3      | Found a snail-covered altar of Cheibriados.
  3096 | D:3      | Found a basalt altar of Yredelemnul.
  3282 | D:3      | Found a stormy altar of Qazlal.
  3423 | D:3      | Found The Oracle's Delphic Readings.
  3443 | D:3      | Bought a scroll of teleportation for 30 gold pieces
  3443 | D:3      | Bought a scroll of brand weapon for 95 gold pieces
  3520 | D:4      | Reached XP level 5. HP: 37/41 MP: 5/5
  3902 | D:4      | Found a blossoming altar of Fedhas.
  4008 | D:4      | Slain by an iguana

Illustrated notes

Levels and vault maps discovered:
D:1:      dpeg_cavernosity, layout_basic, serial_forest,
          infiniplex_forest_straight_2, infiniplex_forest_clump_medium,
          infiniplex_forest_lined_room_2, infiniplex_forest_end_3,
          infiniplex_forest_clump_long, infiniplex_forest_end_3,
          infiniplex_forest_end_1, infiniplex_forest_lined_room_,
          infiniplex_forest_straight_5, infiniplex_forest_straight_2,
          minmay_tromino_mix6
D:2:      layout_basic, ebering_ecumenical_altar_mist
D:3:      layout_basic, mainiacjoe_overflow_brackets,
          mainiacjoe_overflow_tiny_flanked, nicolae_qazlal_general_emergency,
          nicolae_nh_oracle_at_delphi, uniq_ijyb
D:4:      minmay_polygon_palace, layout_basic, nicolae_elyvilon_peaceful_grove,
          mainiacjoe_overflow_24_doors

Skill      XL: |  1  2  3  4  5 |
---------------+----------------+-----
Unarmed Combat | 3 |  3.6
Evocations     | 1 2 |  2.4
Shapeshifting  | 1 2 |  2.0
Dodging        | 3 |  3.3
Fighting       | |  3.0

Action                     |  1- 3 |  4- 6 || total
---------------------------+-------+-------++-------
  Melee: Unarmed           |   151 |   143 ||   294
    Use: Scroll            |     5 |     3 ||     8
         Potion            |     3 |     2 ||     5
 Armour: Robe              |    76 |    59 ||   135
         Skin              |       |     5 ||     5
  Dodge: Dodged            |   108 |    63 ||   171
